 Dungeon Crawl Stone Soup version 0.24-a0-459-g225fefd (webtiles) character file.

Game seed: 15586620063888532302

37 RagdollRavenno the Vexing (level 3, -1/15 HPs)
             Began as a Felid Enchanter on June 28, 2019.
             Slain by a bullfrog (8 damage)
             ... on level 3 of the Dungeon.
             The game lasted 00:04:27 (2232 turns).

RagdollRavenno the Vexing (Felid Enchanter)         Turns: 2232, Time: 00:04:28

Health: -1/15      AC:  1    Str:  4    XL:     3   Next: 23%
Magic:  3/7        EV: 18    Int: 16    God:
Gold:   106        SH:  0    Dex: 17    Spells: 0/7 levels left
                                        Lives:  0   Deaths: 1

rFire    . . .     SeeInvis +     - Unarmed
rCold    . . .     Gourm    .   (shield unavailable)
rNeg     . . .     Faith    .   (armour unavailable)
rPois    .         Spirit   .   (helmet unavailable)
rElec    .         Reflect  .   (cloak unavailable)
rCorr    .         Harm     .   (gloves unavailable)
MR       .....     Rnd*Tele +   (boots unavailable)
Stlth    +++.......             (no amulet)
HPRegen  0.05/turn              i - ring of teleportation (curse)
MPRegen  0.10/turn              (no ring)

@: very slightly contaminated, quick
A: very small, no armour, no weapons or thrown items, stealth, claws 1, fangs 3,
see invisible, carnivore, speed 1, shaggy fur 1, slow metabolism 1, sharp paws
a: no special abilities


You were on level 3 of the Dungeon.
You were very full.

You visited 1 branch of the dungeon, and saw 3 of its levels.

You collected 106 gold pieces.

Inventory:

Jewellery
 i - a cursed ring of teleportation (left paw)
Scrolls
 a - a scroll of fog {unknown}
 c - a scroll of remove curse {unknown}
 d - 2 scrolls of identify {unknown}
 f - 2 scrolls of blinking {unknown}
 h - a scroll of enchant armour {unknown}
Comestibles
 b - 5 rations


   Skills:
 * Level 1.1 Fighting
 * Level 3.2 Dodging
 + Level 4.6 Stealth
 * Level 2.2 Unarmed Combat
 * Level 2.5 Spellcasting
 + Level 4.8 Hexes


You couldn't memorise any spells.
You knew the following spells:

 Your Spells              Type           Power        Failure   Level  Hunger
a - Corona                Hex            ###....      2%          1    #......
b - Tukima's Dance        Hex            ###.....     8%          3    ###....
c - Confuse               Hex            ###.....     8%          3    ###....

Your spell library contained the following spells:

 Spells                   Type           Power        Failure   Level  Hunger
 Ensorcelled Hibernation  Hex/Ice        #.....       11%         2    ##.....
 Dazzling Spray           Conj/Hex       #.....       22%         3    ###....


Dungeon Overview and Level Annotations

Branches:
Dungeon (3/15)

Altars:
Wu Jian


Innate Abilities, Weirdness & Mutations

You cannot wear armour.
You are incapable of wielding weapons or throwing items.
Your paws allow you to move quietly. (Stealth)
You have sharp claws.
You have razor-sharp teeth.
You have supernaturally acute eyesight. (SInv)
You are carnivorous and can eat meat at any time.
You cover ground quickly.
You are covered in fur. (AC +1)
You have a slow metabolism.
Your sharp claws are effective at attacking unaware monsters.


Message History

Casting: Confuse (safe; 8% risk of failure)
Confirm with . or Enter, or press ? or * to list all spells.
Aiming: Confuse (safe; 8% risk of failure)
Press: ? - help, Shift-Dir - straight line, f/p - bullfrog
Aim: a bullfrog (chance to defeat MR: 48%)
You miscast Confuse.
The light around you dims momentarily. The bullfrog hits you.
You climb downwards.
There is a stone staircase leading up here. 2 kobolds come into view.
The bullfrog closely misses you.
Found a dagger.
The bullfrog hits you.
Found a leather armour and a scroll labeled QUWKOKA COONAO.
The bullfrog misses you. The bullfrog barely misses you.
You aren't carrying any potions.
The bullfrog hits you!
Ouch! That really hurt!
You die...

#.....#
###.##########
#<...........#
#.#..#######.###
...#..#.....#.#..
#####........#.#.#
#.##.# #...#.# #..
.# #.###.# ### #
#..F@.# #######


You could see a bullfrog.

Vanquished Creatures
  3 adders (D:2)
  An ooze (D:1)
  A dart slug (D:1)
  4 leopard geckos
  8 bats
  8 goblins
  4 hobgoblins
  2 jackals (D:2)
  4 frilled lizards
  7 kobolds
  7 rats
49 creatures vanquished.

Notes
Turn   | Place    | Note
-------+----------+-------------------------------------------
     0 | D:1      | RagdollRavenno the Felid Enchanter began the quest for the
                  | Orb.
     0 | D:1      | Reached XP level 1. HP: 7/7 MP: 4/4
    94 | D:1      | Reached XP level 2. HP: 8/11 MP: 4/6
   573 | D:1      | Reached XP level 3. HP: 5/15 MP: 5/7
   578 | D:1      | Learned a level 3 spell: Tukima's Dance
  1061 | D:2      | Noticed a bullfrog
  1482 | D:2      | Reached skill level 1 in Fighting
  1563 | D:2      | Found an ornate altar of the Wu Jian Council.
  1855 | D:2      | Reached XP level 4. HP: 18/19 MP: 6/8
  1882 | D:2      | Learned a level 3 spell: Confuse
  2061 | D:2      | Mangled by a bullfrog
  2062 | D:2      | Reached XP level 3. HP: -7/15 MP: 0/7
  2232 | D:3      | Slain by a bullfrog

Levels and vault maps discovered:
D:1:      eino_arrival_cavern_a, layout_rooms, hangedman_decor_growths
D:2:      layout_basic, lemuel_coloured_pillars_altar
D:3:      layout_basic

Skill      XL: |  1  2  3 |
---------------+----------+-----
Dodging        | 3 |  3.2
Fighting       | 1 |  1.1
Unarmed Combat | 2 |  2.2
Stealth        | |  4.6
Spellcasting   | |  2.5
Hexes          | |  4.8

Action                   |  1- 3 |  4- 6 || total
-------------------------+-------+-------++-------
Melee: Unarmed           |   154 |     2 ||   156
       Bite              |    11 |       ||    11
       Punch             |     1 |       ||     1
 Cast: Corona            |    25 |       ||    25
       Confuse           |       |     3 ||     3
  Use: Potion            |       |     1 ||     1
 Stab: Sleeping          |    15 |     1 ||    16
  Eat: Chunk             |    14 |       ||    14
Armor: Skin              |    13 |       ||    13
Dodge: Dodged            |   127 |     4 ||   131

Table legend:
 A = Non-vault XP
 B = Vault XP
 C = Vault XP percentage of total XP
 D = Non-vault monster count
 E = Vault monster count
 F = Vault count percentage of total count
                 A         B        C        D         E       F
            +---------+---------+-------+---------+---------+-------
      Total |     121 |       0 |   0.0 |      49 |       0 |   0.0
            +---------+---------+-------+---------+---------+-------
        D:1 |      49 |       0 |   0.0 |      26 |       0 |   0.0
        D:2 |      72 |       0 |   0.0 |      23 |       0 |   0.0
            +---------+---------+-------+---------+---------+-------
